 Dungeon Crawl Stone Soup version 0.27-a0-1158-gaa87e14f67 (webtiles) character file.

Game seed: 17160214162726558201

6753 Feb132020 the Covert (level 11, 73/87 HPs)
             Began as a Gnoll Delver on May 15, 2021.
             Was a Priest of Makhleb.
             Quit the game on level 2 of the Lair of Beasts.
             The game lasted 00:45:42 (9608 turns).

Feb132020 the Covert (Gnoll Delver)                 Turns: 9608, Time: 00:45:42

Health: 73/87      AC:  8    Str: 12    XL:     11   Next: 4%
Magic:  17/19      EV: 19    Int: 11    God:    Makhleb [***...]
Gold:   514        SH:  5    Dex: 15    Spells: 21/21 levels left

rFire    . . .     SeeInvis .   a - +1 dagger (venom)
rCold    . . .     Faith    .   C - +0 buckler
rNeg     . . .     Spirit   +   L - +3 leather armour
rPois    .         Reflect  .   (no helmet)
rElec    .         Harm     .   (no cloak)
rCorr    .         Rampage  .   m - +0 pair of gloves
Will     .....                  (no boots)
Stlth    +++++.....             r - amulet of guardian spirit
HPRegen  0.24/turn              h - +4 ring of evasion
MPRegen  0.16/turn              (no ring)

@: mildly poisoned (73 -> 70)
A: fangs 1, strong nose, distributed training, talons 1
a: Renounce Religion, Minor Destruction, Lesser Servant of Makhleb


You were on level 2 of the Lair of Beasts.
You worshipped Makhleb.
Makhleb was most pleased with you.
You visited 2 branches of the dungeon, and saw 10 of its levels.

You collected 514 gold pieces.

Inventory:

Hand Weapons
 a - a +1 dagger of venom (weapon)
 b - a +1 morningstar of holy wrath
 k - a +0 short sword
 y - a +0 dire flail of holy wrath
 I - a +4 short sword
 J - a +5 morningstar
Missiles
 t - 6 boomerangs
 u - 87 arrows
 v - 47 sling bullets
 w - 201 stones
 x - 41 poisoned darts (quivered)
 z - 11 bolts
Armour
 m - a +0 pair of gloves (worn)
 p - a +0 leather armour
 C - a +0 buckler (worn)
 L - a +3 leather armour (worn)
Jewellery
 h - a +4 ring of evasion (left hand)
 r - an amulet of guardian spirit (around neck)
 s - a ring of fire
 K - a ring of fire
Wands
 g - a wand of digging (3)
 i - a wand of paralysis (15)
 D - a wand of charming (9)
 G - a wand of mindburst (16)
 M - a wand of flame (15)
Scrolls
 c - 2 scrolls of fog
 d - 2 scrolls of magic mapping
 e - 3 scrolls of fear
 j - 3 scrolls of vulnerability
 l - a scroll of blinking
 A - a scroll of holy word
 F - a scroll of teleportation
Potions
 f - 2 potions of haste
 n - 3 potions of brilliance
 o - 2 potions of magic
 q - 2 potions of flight
 H - a potion of might {unknown}
Miscellaneous
 B - a phantom mirror


   Skills:
 + Level 8.9 Fighting
 + Level 7.5 Short Blades
 + Level 5.9 Long Blades
 + Level 5.9 Axes
 + Level 5.9 Maces & Flails
 + Level 5.9 Polearms
 + Level 5.9 Staves
 + Level 5.9 Slings
 + Level 5.9 Bows
 + Level 5.9 Crossbows
 + Level 5.9 Throwing
 + Level 5.9 Armour
 + Level 7.5 Dodging
 + Level 11.1 Stealth
 + Level 5.9 Shields
 + Level 5.9 Unarmed Combat
 + Level 5.9 Spellcasting
 + Level 4.8 Conjurations
 + Level 4.8 Hexes
 + Level 4.8 Summonings
 + Level 4.8 Necromancy
 + Level 4.8 Translocations
 + Level 4.8 Transmutations
 + Level 4.8 Fire Magic
 + Level 4.8 Ice Magic
 + Level 4.8 Air Magic
 + Level 4.8 Earth Magic
 + Level 4.8 Poison Magic
 + Level 6.4 Invocations
 + Level 5.9 Evocations


You had 21 spell levels left.
You didn't know any spells.
Your spell library contained the following spells:

 Spells                   Type           Power      Damage    Failure   Level
 Corona                   Hex            14%        N/A       3%          1
 Sandblast                Erth           26%        2d8       3%          1
 Sting                    Tmut/Pois      52%        1d5       3%          1
 Passwall                 Tmut/Erth      10%        N/A       4%          2
 Poisonous Vapours        Pois/Air       26%        N/A       4%          2
 Slow                     Hex            13%        N/A       4%          2
 Ignite Poison            Fire/Tmut/Pois 13%        N/A       10%         3
 Inner Flame              Hex/Fire       13%        N/A       10%         3
 Mephitic Cloud           Conj/Pois/Air  13%        N/A       10%         3
 Portal Projectile        Hex/Tloc       26%        N/A       10%         3
 Stone Arrow              Conj/Erth      26%        3d8       10%         3
 Cause Fear               Hex            6%         N/A       32%         4
 Leda's Liquefaction      Hex/Erth       6%         N/A       32%         4
 Olgreb's Toxic Radiance  Pois           13%        N/A       32%         4
 Petrify                  Tmut/Erth      13%        N/A       32%         4
 Lee's Rapid Deconstruct  Erth           6%         3d7*      67%         5


Dungeon Overview and Level Annotations

Branches:
Dungeon (8/15)             Temple (0/1) D:5            Lair (2/6) D:8
  Swamp: Lair:2-4    Shoals: Lair:2-4     Snake: Lair:2-4    Spider: Lair:2-4

Altars:
Cheibriados
Makhleb

Shops:
D:1 *

Annotations:
D:3 Sigmund


Innate Abilities, Weirdness & Mutations

You have very sharp teeth.
Your uncanny sense of smell can sniff out nearby items.
Your experience applies equally to all skills.
You have sharp toenails.


Message History

The naga is lightly wounded.
Your neqoxec barely misses the naga.
You hit the naga but do no damage.
The naga is poisoned.
You claw the naga.
The naga is lightly wounded.
You hit the naga.
The naga is moderately wounded.
The naga barely misses you.
The naga hits your neqoxec with a +0 hand axe.
The naga grabs you. The naga constricts you.
Your neqoxec closely misses the naga.
You closely miss the naga. Your kick misses the naga.
The naga is moderately wounded.
You hit the naga but do no damage. Your kick misses the naga.
Your bite misses the naga.
The naga is moderately wounded.
Your neqoxec barely misses the naga.
The naga spits poison at you. You block the splash of poison.
The naga hits you with a +0 hand axe!
The naga hits your neqoxec with a +0 hand axe!
The naga constricts you.
You hit the naga but do no damage. You claw the naga.
The naga is severely wounded.
The naga spits poison at you.
The splash of poison hits you but does no damage.
You are poisoned.
The naga constricts you.
Your neqoxec hits the naga!
The naga dies!
Makhleb accepts your kill.
Press: ? - help, Shift-Dir - straight line, f - naga
Aim: a naga, wielding a +0 long sword (catching its breath)
The puff of flame hits the naga.
The naga is lightly wounded.
You feel sick.
Press: ? - help, Shift-Dir - straight line, f/p - naga
Aim: a naga, wielding a +0 long sword (lightly wounded, catching its breath, ally target)
The naga writhes in agony.
You feel sick.
The naga hits your neqoxec with a +0 long sword!!
Your neqoxec dies!
Unknown command.
Are you sure you want to abandon this character and quit the game? (Confirm with "yes".)

#.#.#...#......####...## ....
....#.≈...(............# ....
....≈.≈≈≈≈≈≈..........## .....
..Y.≈≈≈≈≈≈≈≈..........# .....
....≈≈≈≈≈≈≈≈≈≈..#.....### ......
....≈≈≈≈.(≈≈≈≈........#.##......
....≈≈≈.>≈≈≈≈≈.(................
....≈≈≈..≈≈≈≈.........†.........
...≈≈≈≈≈≈≈≈≈≈...@.)†...#P.PP....
.....≈≈≈≈≈≈≈≈...).....+......P..
≈≈≈≈.##.#N##..P......... ≈..#
##...##.#......P.. ..
###.####......... . ..♣
##........ ..(≈ #.....#.. .♣♣≈≈
.....# .≈


You could see a naga (catching breath).

Vanquished Creatures
  A two-headed ogre (D:7)
  Pikel (D:6)
  A centaur zombie (D:8)
  A black mamba (Lair:2)
  A torpor snail (Lair:2)
  2 cane toads
  2 wyverns
  4 yaks (Lair:1)
  A basilisk (Lair:2)
  A steam dragon (D:6)
  A naga (Lair:2)
  An acid dragon (D:8)
  2 water moccasins
  A sky beast (D:8)
  2 black bears
  A centaur (D:8)
  3 ogres
  2 wolves (Lair:2)
  A bullfrog (D:7)
  A gnoll sergeant (D:6)
  A wyvern zombie (D:7)
  A scorpion (D:6)
  A wyvern skeleton (D:5)
  11 wights
  An electric eel (D:7)
  4 hounds
  An iguana (D:6)
  Natasha (D:2)
  2 orc wizards
  A howler monkey zombie (D:8)
  3 gnolls (D:6)
  2 howler monkey skeletons
  6 adders
  A shadow imp (D:8)
  An ufetubus (D:3)
  An adder skeleton (D:4)
  A worm (D:2)
  2 dart slugs (D:1)
  14 orcs
  13 endoplasms
  A giant cockroach (D:2)
  4 goblins
  2 hobgoblins (D:3)
  10 jackals
  4 quokkas
  5 ball pythons
  2 bats
  A frilled lizard (D:2)
  6 kobolds
  6 rats
139 creatures vanquished.

Vanquished Creatures (collateral kills)
  A rime drake (Lair:2)
  3 yaks (Lair:1)
  A naga (Lair:2)
  A water moccasin (Lair:1)
  2 wolves (Lair:2)
  A bullfrog (Lair:2)
9 creatures vanquished.

Vanquished Creatures (others)
  10 fungi
  15 plants
25 creatures vanquished.

Grand Total: 173 creatures vanquished

Notes
Turn   | Place    | Note
-------+----------+-------------------------------------------
     0 | D:5      | Reached skill level 9 in Stealth
     0 | D:5      | Feb132020 the Gnoll Delver began the quest for the Orb.
     0 | D:5      | Reached XP level 1. HP: 23/23 MP: 1/1
   200 | D:5      | Found a snail-covered altar of Cheibriados.
   225 | D:4      | Reached XP level 2. HP: 25/29 MP: 2/2
   762 | D:2      | Reached XP level 3. HP: 35/35 MP: 3/3
   808 | D:2      | Found a faded altar of an unknown god.
   821 | D:2      | Became a worshipper of Makhleb the Destroyer
   821 | D:2      | Reached * piety under Makhleb
  1073 | D:2      | Reached skill level 1 in Invocations
  1116 | D:1      | Found Copneyhi's General Store.
  1650 | D:1      | Reached skill level 1 in Long Blades
  1650 | D:1      | Reached skill level 1 in Axes
  1650 | D:1      | Reached skill level 1 in Maces & Flails
  1650 | D:1      | Reached skill level 1 in Polearms
  1650 | D:1      | Reached skill level 1 in Staves
  1650 | D:1      | Reached skill level 1 in Slings
  1650 | D:1      | Reached skill level 1 in Bows
  1650 | D:1      | Reached skill level 1 in Crossbows
  1650 | D:1      | Reached skill level 1 in Throwing
  1650 | D:1      | Reached skill level 1 in Armour
  1650 | D:1      | Reached skill level 1 in Shields
  1650 | D:1      | Reached skill level 1 in Unarmed Combat
  1650 | D:1      | Reached skill level 1 in Spellcasting
  1650 | D:1      | Reached skill level 1 in Evocations
  2141 | D:2      | Reached XP level 4. HP: 37/41 MP: 5/5
  2696 | D:2      | Noticed Natasha
  2699 | D:2      | Killed Natasha
  2700 | D:2      | Reached skill level 1 in Conjurations
  2700 | D:2      | Reached skill level 1 in Hexes
  2700 | D:2      | Reached skill level 1 in Summonings
  2700 | D:2      | Reached skill level 1 in Necromancy
  2700 | D:2      | Reached skill level 1 in Translocations
  2700 | D:2      | Reached skill level 1 in Transmutations
  2700 | D:2      | Reached skill level 1 in Fire Magic
  2700 | D:2      | Reached skill level 1 in Ice Magic
  2700 | D:2      | Reached skill level 1 in Air Magic
  2700 | D:2      | Reached skill level 1 in Earth Magic
  2700 | D:2      | Reached skill level 1 in Poison Magic
  2773 | D:3      | Reached ** piety under Makhleb
  2839 | D:3      | Noticed Sigmund
  2960 | D:3      | Reached XP level 5. HP: 47/47 MP: 6/6
  3444 | D:3      | Gained mutation: You are clumsy. (Dex -2) [potion of
                  | mutation]
  3445 | D:3      | Lost mutation: You are clumsy. (Dex -2) [potion of
                  | mutation]
  3445 | D:3      | Gained mutation: You have sharp toenails. [potion of
                  | mutation]
  4578 | D:5      | Noticed a black bear
  4592 | D:5      | Killed a black bear
  4593 | D:5      | Reached skill level 5 in Short Blades
  4593 | D:5      | Reached skill level 5 in Dodging
  4593 | D:5      | Reached XP level 6. HP: 53/53 MP: 6/9
  4830 | D:5      | Found a staircase to the Ecumenical Temple.
  4977 | D:6      | Reached XP level 7. HP: 59/59 MP: 10/10
  5174 | D:6      | Reached *** piety under Makhleb
  5242 | D:6      | Noticed Pikel
  5259 | D:6      | Killed Pikel
  5260 | D:6      | Reached skill level 10 in Stealth
  5260 | D:6      | Reached XP level 8. HP: 45/67 MP: 9/12
  6241 | D:7      | Reached XP level 9. HP: 38/69 MP: 6/14
  6624 | D:7      | Noticed a two-headed ogre
  6631 | D:7      | Killed a two-headed ogre
  7180 | D:8      | Reached skill level 5 in Invocations
  7210 | D:8      | Noticed a death yak
  7211 | D:8      | Noticed a death yak
  7211 | D:8      | Noticed a death yak
  7231 | D:8      | Noticed a death yak
  7231 | D:8      | Noticed a death yak
  7233 | D:8      | Noticed a death yak
  7288 | D:8      | Reached XP level 10. HP: 44/80 MP: 12/17
  7531 | D:8      | Found a staircase to the Lair.
  7588 | Lair:1   | Entered Level 1 of the Lair of Beasts
  7600 | Lair:1   | Reached skill level 5 in Long Blades
  7600 | Lair:1   | Reached skill level 5 in Axes
  7600 | Lair:1   | Reached skill level 5 in Maces & Flails
  7600 | Lair:1   | Reached skill level 5 in Polearms
  7600 | Lair:1   | Reached skill level 5 in Staves
  7600 | Lair:1   | Reached skill level 5 in Slings
  7600 | Lair:1   | Reached skill level 5 in Bows
  7600 | Lair:1   | Reached skill level 5 in Crossbows
  7600 | Lair:1   | Reached skill level 5 in Throwing
  7600 | Lair:1   | Reached skill level 5 in Armour
  7600 | Lair:1   | Reached skill level 5 in Shields
  7600 | Lair:1   | Reached skill level 5 in Unarmed Combat
  7600 | Lair:1   | Reached skill level 5 in Spellcasting
  7600 | Lair:1   | Reached skill level 5 in Evocations
  8071 | Lair:1   | Found a burning altar of Makhleb.
  8619 | Lair:2   | Noticed a cane toad
  8620 | Lair:2   | Noticed a black mamba
  8647 | Lair:1   | Killed a cane toad
  8692 | Lair:2   | Noticed a cane toad
  8710 | Lair:2   | Killed a black mamba
  8735 | Lair:2   | HP: 3/82 [poisoned by a cane toad]
  8736 | Lair:2   | HP: 1/82 [poisoned by a cane toad]
  8750 | Lair:2   | Killed a cane toad
  8751 | Lair:2   | Reached skill level 11 in Stealth
  9040 | Lair:2   | Noticed a torpor snail
  9452 | Lair:2   | Killed a torpor snail
  9475 | Lair:2   | Reached XP level 11. HP: 66/87 MP: 19/19
  9608 | Lair:2   | Quit the game

Illustrated notes

Levels and vault maps discovered:
D:1:      dpeg_cavernosity, layout_basic, serial_forest,
          infiniplex_forest_end_2, infiniplex_forest_clump_large,
          infiniplex_forest_clump_long, infiniplex_forest_end_2,
          infiniplex_forest_clump_medium, serial_shops, shop
D:2:      layout_loops_ring, shapermc_ecumenical_altar_notcrosses,
          minmay_misc_feat_more_columns, uniq_natasha
D:3:      layout_basic, serial_corexii_hall, corexii_hall_statues_deadend,
          corexii_hall_statues_u, corexii_hall_statues_x,
          chequers_hall_statues_corner_a, corexii_hall_statues_x,
          corexii_hall_statues_i, wad_orctagon, uniq_sigmund
D:4:      layout_loops_cross
D:5:      layout_loops_ring, cheibriados_altar_1, temple_hall
D:6:      layout_loops_ring, grunt_tough_drop, uniq_pikel
D:7:      layout_basic, fountainhead
D:8:      layout_basic, minitemple, dpeg_lair_monsters
Lair:1:   layout_cellular_growth, basic_altar
Lair:2:   layout_chaotic_city, guppyfry_snake_entry_garden, st_stairs_7,
          infiniplex_staircase_pool_2, uniq_nergalle

Skill      XL: |  1  2  3  4  5  6  7  8  9 10 |
---------------+-------------------------------+-----
Stealth        | 10 11 | 11.1
Invocations    | 1 2 3 4 5 6 |  6.4
Long Blades    | 1 2 3 4 5 |  5.9
Axes           | 1 2 3 4 5 |  5.9
Maces & Flails | 1 2 3 4 5 |  5.9
Polearms       | 1 2 3 4 5 |  5.9
Staves         | 1 2 3 4 5 |  5.9
Slings         | 1 2 3 4 5 |  5.9
Bows           | 1 2 3 4 5 |  5.9
Crossbows      | 1 2 3 4 5 |  5.9
Throwing       | 1 2 3 4 5 |  5.9
Armour         | 1 2 3 4 5 |  5.9
Shields        | 1 2 3 4 5 |  5.9
Unarmed Combat | 1 2 3 4 5 |  5.9
Spellcasting   | 1 2 3 4 5 |  5.9
Evocations     | 1 2 3 4 5 |  5.9
Conjurations   | 1 2 3 4 |  4.8
Hexes          | 1 2 3 4 |  4.8
Summonings     | 1 2 3 4 |  4.8
Necromancy     | 1 2 3 4 |  4.8
Translocations | 1 2 3 4 |  4.8
Transmutations | 1 2 3 4 |  4.8
Fire Magic     | 1 2 3 4 |  4.8
Ice Magic      | 1 2 3 4 |  4.8
Air Magic      | 1 2 3 4 |  4.8
Earth Magic    | 1 2 3 4 |  4.8
Poison Magic   | 1 2 3 4 |  4.8
Short Blades   | 5 6 7 |  7.5
Dodging        | 5 6 7 |  7.5
Fighting       | 7 8 |  8.9

Action                   |  1- 3 |  4- 6 |  7- 9 | 10-12 || total
-------------------------+-------+-------+-------+-------++-------
Melee: Short sword       |   129 |    27 |       |       ||   156
       Bite              |     9 |    17 |    13 |    17 ||    56
       Dagger            |       |    84 |    96 |   116 ||   296
       Kick              |       |    16 |    42 |    42 ||   100
       Dire flail        |       |     4 |    16 |       ||    20
       Punch             |       |       |     1 |       ||     1
       Morningstar       |       |       |    14 |    18 ||    32
Throw: Dart              |       |       |     1 |     3 ||     4
       Boomerang         |       |       |       |     3 ||     3
       Stone             |       |       |       |     2 ||     2
Invok: Minor Destruction |       |     2 |    22 |    29 ||    53
       Lesser Servant of |       |       |     1 |     4 ||     5
Evoke: Wand              |       |       |       |     1 ||     1
  Use: Scroll            |     2 |     7 |     6 |     2 ||    17
       Potion            |       |     2 |       |     3 ||     5
 Stab: Sleeping          |    14 |    12 |     6 |     2 ||    34
       Distracted        |       |     2 |       |     2 ||     4
Armor: Leather armour    |    19 |    18 |    15 |    11 ||    63
Dodge: Dodged            |   103 |    74 |    81 |    74 ||   332
Block: Buckler           |       |       |    11 |    21 ||    32

Table legend: (Time is in decaauts)
 A = Elapsed time spent in this place.
 B = Non-inter-level travel time spent in this place.
 C = Inter-level travel time spent in this place.
 D = Time resting spent in this place.
 E = Time spent auto-exploring this place.
 F = Levels seen in this place.
 G = Mean time per level.
                   A        B        C        D        E       F      G
               +--------+--------+--------+--------+--------+-----+--------+
         Total |   9494 |   9023 |    471 |     14 |   7376 |  10 |  949.4 |
       Dungeon |   7520 |   7076 |    444 |     14 |   5777 |   8 |  940.0 |
          Lair |   1974 |   1947 |     27 |      0 |   1599 |   2 |  987.0 |
               +--------+--------+--------+--------+--------+-----+--------+

Top non-repeatable levels by time:
     D:3: 1182 daAuts
     D:7: 1099 daAuts
     D:1: 1027 daAuts
     D:6: 1021 daAuts
  Lair:1: 1013 daAuts
     D:5: 977 daAuts
  Lair:2: 961 daAuts
     D:2: 953 daAuts
     D:4: 769 daAuts
     D:8: 489 daAuts
